[Event "FIDE Women World Blitz 2021"]
[Site "Warsaw"]
[Date "2021.12.29"]
[Round "2.20"]
[White "Dylag, Emilia"]
[Black "Bulmaga, Irina"]
[Result "0-1"]
[ECO "E16"]
[WhiteElo "1863"]
[BlackElo "2405"]
[Annotator "NA"]
[PlyCount "62"]
[EventDate "2021.12.29"]
[EventType "swiss"]
[EventCountry "POL"]
[Tiebreak "Cut1 Buchholz"]
[SourceTitle "playchess.com"]
[Source "ChessBase"]
[SourceQuality "1"]
[TimeControl "180+2"]

1. d4 Nf6 2. c4 e6 3. Nf3 Bb4+ 4. Nbd2 O-O 5. g3 b6 6. Bg2 Bb7 7. O-O d5 8. Ne5 Bd6 9. b3 c5 10. Bb2 Nbd7 11. Rc1 cxd4 12. Nxd7 Qxd7 13. Bxd4 e5 14. Bb2 d4 15. Bxb7 Qxb7 16. Qc2 a5 17. a4 Rfe8 18. Qf5 Bc5 19. Nf3 Qe7 20. Rcd1 Rad8 21. Bc1 e4 22. Nh4 g6 23. Qf4 Qe6 24. Ng2 Bf8 25. Qg5 h6 26. Qf4 g5 27. Qd2 Bg7 28.
h4 Nh7 29. hxg5 hxg5 30. Qc2 Qh3 31. Qd2 Re6 0-1

[Event "FIDE Women World Blitz 2021"]
[Site "Warsaw"]
[Date "2021.12.29"]
[Round "2.21"]
[White "Katkov, Michelle"]
[Black "Mamedjarova, Zeinab"]
[Result "0-1"]
[ECO "C42"]
[WhiteElo "1651"]
[BlackElo "2249"]
[Annotator "NA"]
[PlyCount "80"]
[EventDate "2021.12.29"]
[EventType "swiss"]
[EventCountry "POL"]
[Tiebreak "Cut1 Buchholz"]
[SourceTitle "playchess.com"]
[Source "ChessBase"]
[SourceQuality "1"]
[TimeControl "180+2"]

1. e4 e5 2. Nf3 d6 3. Bc4 Be7 4. d3 Nf6 5. Nc3 O-O 6. h3 c6 7. O-O Be6 8. Bb3 a5 9. Ne2 Na6 10. Ng3 Nc5 11. Re1 a4 12. Bxe6 fxe6 13. c3 Qe8 14. d4 exd4 15. cxd4 Ncd7 16. e5 dxe5 17. dxe5 Nd5 18. Qe2 Qg6 19. Qe4 Qxe4 20. Rxe4 a3 21. b3 Nc5 22. Rc4 Nd3 23. Bd2 Rxf3 24. gxf3 Nxe5 25. Rc2 Nxf3+ 26. Kg2 Rf8 27. Be3 Nh4+ 28. Kg1 h6 29. Rd1 Nxe3 30. fxe3 Bg5 31. Nf1 Rf3 32. Rd6 Bxe3+ 33. Nxe3 Rxe3 34. Kh2 Nf3+ 35. Kg2 Ne1+ 36. Kf2 Nxc2 37. Rd2 Rc3 38. Rd8+ Kh7 39. Rb8 b5 40. Re8 Nb4 0-1

[Event "FIDE Women World Blitz 2021"]
[Site "Warsaw"]
[Date "2021.12.29"]
[Round "2.22"]
[White "Socko, Monika"]
[Black "Bartel, Marta"]
[Result "1-0"]
[ECO "D85"]
[WhiteElo "2393"]
[BlackElo "2192"]
[Annotator "NA"]
[PlyCount "83"]
[EventDate "2021.12.29"]
[EventType "swiss"]
[EventCountry "POL"]
[Tiebreak "Cut1 Buchholz"]
[SourceTitle "playchess.com"]
[Source "ChessBase"]
[SourceQuality "1"]
[TimeControl "180+2"]

1. d4 Nf6 2. c4 g6 3. Nc3 d5 4. cxd5 Nxd5 5. e4 Nxc3 6. bxc3 Bg7 7. Qa4+ Bd7 8. Qa3 O-O 9. Nf3 b6 10. Be2 Bc6 11. d5 Bb7 12. Bb2 c6 13.
c4 cxd5 14. cxd5 Bxb2 15. Qxb2 Nd7 16. O-O Rc8 17. Rad1 Nc5 18. Qd4 Qd7 19. Qe3 Na4 20. Qh6 f6 21. Rd4 Nc3 22. Bc4 b5 23.
Bd3 Qd6 24. e5 fxe5 25. Ng5 Rf7 26. Nxf7 Kxf7 27. Qxh7+ Ke8 28. Bxg6+ Kd8 29. Rd2 Bxd5 30. Bf5 e6 31. Bg6 Rc4 32. Bh5 Rd4 33. Rxd4 exd4 34. Qh8+ Ke7 35. Qxd4 b4 36. Qxa7+ Kf6 37. Qd4+ Ke7 38. Re1 Kd7 39. h3 Qc6 40. Bf3 Kc7 41. Bxd5 exd5 42. Qxb4 1-0

[Event "FIDE Women World Blitz 2021"]
[Site "Warsaw"]
[Date "2021.12.29"]
[Round "2.23"]
[White "Efimenko, Maria"]
[Black "Kurmangaliyeva, Liya"]
[Result "1/2-1/2"]
[ECO "B22"]
[WhiteElo "2207"]
[BlackElo "2222"]
[Annotator "NA"]
[PlyCount "105"]
[EventDate "2021.12.29"]
[EventType "swiss"]
[EventCountry "POL"]
[Tiebreak "Cut1 Buchholz"]
[SourceTitle "playchess.com"]
[Source "ChessBase"]
[SourceQuality "1"]
[TimeControl "180+2"]

1. e4 c5 2. c3 Nf6 3. e5 Nd5 4. d4 cxd4 5. cxd4 d6 6. Nf3 Nc6 7. Bc4 dxe5 8.
dxe5 Ndb4 9. Qb3 e6 10. O-O Na5 11. Bb5+ Bd7 12. Qa4 Bxb5 13. Qxb5+ Nbc6 14. Nc3 a6 15. Qe2 Be7 16. Rd1 Qc7 17. Bf4 O-O 18. Bg3 Rfd8 19. h3 b5 20. Rac1 Qb6 21. Ne4 h6 22. Bf4 Rxd1+ 23. Rxd1 Rd8 24. Nd6 Nb7 25. Nxb7 Qxb7 26. Rc1 Nb4 27. Ra1 Qd5 28. a3 Nd3 29. Be3 Qb3 30. Bd4 Nf4 31. Qe3 Qxe3 32. Bxe3 Nd5 33. Bd4 Rc8 34. Rd1 a5 35. Kh2 b4 36. axb4 axb4 37. Rd3 Rc2 38. Rd2 Rc4 39. Rd3 Bc5 40. Bxc5 Rxc5 41. Nd4 Rc4 42. Kg3 g5 43. Kf3 Nf4 44. Rd2 Ng6 45. Ke4 Ne7 46. Rc2 Rxc2 47. Nxc2 Nd5 48. g3 Kg7 49. Nd4 Kg6 50. Nc6 f6 51. exf6 Kxf6 52. f3 h5 53. Nd4 1/2-1/2

[Event "FIDE Women World Blitz 2021"]
[Site "Warsaw"]
[Date "2021.12.29"]
[Round "2.24"]
[White "Buksa, Nataliya"]
[Black "Hryzlova, Sofiia"]
[Result "1-0"]
[ECO "D00"]
[WhiteElo "2199"]
[BlackElo "2097"]
[Annotator "NA"]
[PlyCount "45"]
[EventDate "2021.12.29"]
[EventType "swiss"]
[EventCountry "POL"]
[Tiebreak "Cut1 Buchholz"]
[SourceTitle "playchess.com"]
[Source "ChessBase"]
[SourceQuality "1"]
[TimeControl "180+2"]

1. d4 Nf6 2. Nc3 e6 3. Bf4 d5 4. Nb5 Na6 5. e3 Be7 6. Nf3 O-O 7. Be2 c6 8. Nc3 Nc7 9. O-O Nce8 10. Nd2 Nd6 11. Bd3 b6 12. e4 dxe4 13.
Ndxe4 Nf5 14. Be5 Nxd4 15. Ne2 Nxe2+ 16. Qxe2 Bb7 17. Rad1 Qc8 18. Nxf6+ Bxf6 19. Bxf6 gxf6 20. Bxh7+ Kxh7 21. Qh5+ Kg7 22. Qg4+ Kh7 23. Rd3 1-0

[Event "FIDE Women World Blitz 2021"]
[Site "Warsaw"]
[Date "2021.12.29"]
[Round "2.25"]
[White "Da Silva, Cibele Florencio"]
[Black "Osmak, Yuliia"]
[Result "0-1"]
[ECO "B00"]
[WhiteElo "1405"]
[BlackElo "2198"]
[Annotator "NA"]
[PlyCount "128"]
[EventDate "2021.12.29"]
[EventType "swiss"]
[EventCountry "POL"]
[Tiebreak "Cut1 Buchholz"]
[SourceTitle "playchess.com"]
[Source "ChessBase"]
[SourceQuality "1"]
[TimeControl "180+2"]

1. e4 Nc6 2. Nc3 d6 3. Bc4 Nf6 4. Nf3 Bg4 5. d3 e6 6. h3 Bxf3 7. Qxf3 Ne5 8. Qd1 Nxc4 9. dxc4 Qd7 10. O-O Qc6 11. Qe2 Be7 12. b3 O-O-O 13. Bg5 h6 14. Bd2 g5 15. Rad1 Rdg8 16. Qe3 Kb8 17. Nb5 b6 18. Bc3 g4 19. h4 e5 20. Rde1 g3 21. fxg3 Rh7 22. Rf3 Rhg7 23. Rd1 Nxe4 24. Rd3 Nxc3 25. Nxc3 f5 26. Nd5 e4 27. Nxe7 Rxe7 28. Rxf5 exd3 29. Qxd3 Reg7 30. Rf3 h5 31. Qe3 Kb7 32. Kh2 Rg4 33. a4 a5 34. Qd3 Qe4 35. Qd5+ Qxd5 36. cxd5 Rd4 37. Rd3 Rxd3 38. cxd3 Rg4 39. Kg1 Rd4 40. Kf2 Rxd3 41. g4 hxg4 42. h5 Rxd5 43. Kg3 Rxh5 44. Kxg4 Rc5 45. Kf4 Rc3 46. g4 Rxb3 47. g5 Rb4+ 48. Kf5 Rxa4 49. g6 Ra1 50. g7 Rg1 51. Kf6 a4 52. Kf7 a3 53.
g8=Q Rxg8 54. Kxg8 a2 55. Kf7 a1=Q 56. Ke6 b5 57. Kd7 b4 58. Ke6 b3 59. Kd7 b2 60. Ke6 b1=R 61. Kd7 Qa4+ 62. Kd8 Rh1 63. Ke7 Rh7+ 64. Kd8 Qd7# 0-1

[Event "FIDE Women World Blitz 2021"]
[Site "Warsaw"]
[Date "2021.12.29"]
[Round "2.26"]
[White "Kashlinskaya, Alina"]
[Black "Zairbek kyzy, Begimai"]
[Result "1-0"]
[ECO "D36"]
[WhiteElo "2482"]
[BlackElo "1701"]
[Annotator "ChessBase"]
[PlyCount "76"]
[EventDate "2021.12.29"]
[EventType "swiss"]
[EventCountry "POL"]
[Tiebreak "Cut1 Buchholz"]
[SourceTitle "playchess.com"]
[Source "ChessBase"]
[SourceQuality "1"]
[TimeControl "180+2"]

1. d4 d5 2. c4 e6 3. Nc3 Nf6 4. cxd5 exd5 5. Bg5 Be7 6. e3 c6 7. Bd3 O-O 8. Qc2 h6 9. Bh4 Nbd7 10. Nf3 Re8 11. O-O Nf8 12. Rae1 Ne4 13.
Bxe7 Qxe7 14. Bxe4 dxe4 15. Nd2 f5 16. f3 exf3 17. Nxf3 Be6 18. e4 fxe4 19. Rxe4 Qd7 20. Ne5 Qc8 21. Ref4 c5 22. d5 Bd7 23. Ng6 Bf5 24. Rxf5 Nxg6 25. Ne4 Qd7 26. Rf7 Qg4 27. Qc3 Ne5 28. Nd6 Nxf7 29. Rxf7 Re2 30. g3 Rd8 31. Nxb7 Rxd5 32. Rf1 Qe4 33. Qf3 Qxf3 34. Rxf3 Rd1+ 35. Rf1 Rxf1+ 36. Kxf1 Rxb2 37. a4 c4 38. Nd6 c3 1-0

[Event "FIDE Women World Blitz 2021"]
[Site "Warsaw"]
[Date "2021.12.29"]
[Round "2.27"]
[White "Semenova, Elena"]
[Black "Nurgali, Nazerke"]
[Result "1-0"]
[ECO "B10"]
[WhiteElo "2233"]
[BlackElo "2267"]
[Annotator "NA"]
[PlyCount "43"]
[EventDate "2021.12.29"]
[EventType "swiss"]
[EventCountry "POL"]
[Tiebreak "Cut1 Buchholz"]
[SourceTitle "playchess.com"]
[Source "ChessBase"]
[SourceQuality "1"]
[TimeControl "180+2"]

1. e4 c6 2. Nf3 d5 3. d3 g6 4. e5 Bg7 5. d4 h5 6. h3 Nh6 7. c4 e6 8. Nc3 Nf5 9. Bg5 Qb6 10. Qd2 O-O 11. c5 Qc7 12. g4 Ne7 13. gxh5 gxh5 14. Bd3 b6 15. Bh6 Ng6 16. Rg1 Kh7 17. Ng5+ Kh8 18. Nxf7+ Qxf7 19. Bxg7+ Qxg7 20. Rxg6 Qf7 21. Qh6+ Qh7 22. Qxf8+ 1-0

[Event "FIDE Women World Blitz 2021"]
[Site "Warsaw"]
[Date "2021.12.29"]
[Round "2.28"]
[White "Lagno, Kateryna"]
[Black "Pourkashiyan, Atousa"]
[Result "1/2-1/2"]
[ECO "C42"]
[WhiteElo "2550"]
[BlackElo "2322"]
[Annotator "ChessBase"]
[PlyCount "124"]
[EventDate "2021.12.29"]
[EventType "swiss"]
[EventCountry "POL"]
[Tiebreak "Cut1 Buchholz"]
[SourceTitle "playchess.com"]
[Source "ChessBase"]
[SourceQuality "1"]
[TimeControl "180+2"]

1. e4 e5 2. Nf3 Nf6 3. Nxe5 d6 4. Nf3 Nxe4 5. d4 d5 6. Bd3 Be7 7. O-O Nc6 8. Nbd2 Nf6 9. c3 O-O 10. h3 Re8 11. Re1 Bd6 12. Rxe8+ Qxe8 13. Qc2 Ne7 14. Nf1 Ng6 15. Ng3 Bd7 16. Bg5 Be7 17. Re1 Qf8 18.
Ne5 Rd8 19. Nf5 Bxf5 20.
Bxf5 Nxe5 21. dxe5 Ne4 22. Bxe7 Qxe7 23. Bxe4 dxe4 24. Qxe4 c6 25. Re2 h6 26. Kh2 Qd7 27.
f4 Qd5 28. Qxd5 Rxd5 29. Kg3 Kf8 30. Kf3 h5 31. Ke3 Rd1 32.
Rd2 Rb1 33. g4 hxg4 34. hxg4 g6 35. f5 gxf5 36. gxf5 Ke7 37. Rf2 Re1+ 38. Kf4 Ra1 39. a3 Rd1 40. Re2 Rf1+ 41. Ke4 Rd1 42.
Rh2 Re1+ 43. Kd4 Rf1 44. Rh5 Rd1+ 45. Kc4 Rd5 46. e6 fxe6 47. Rh7+ Kd6 48. fxe6 b5+ 49. Kb3 Kxe6 50. Rxa7 Kd6 51. Kb4 Rh5 52. b3 Rh4+ 53. c4 bxc4 54. bxc4 Rh1 55. c5+ Ke6 56. Rc7 Rb1+ 57. Ka4 Kd5 58. Rh7 Kxc5 59. Rh5+ Kb6 60. Rh8 Ka7 61. Rh6 Kb6 62. Rh8 Ka7 1/2-1/2

[Event "FIDE Women World Blitz 2021"]
[Site "Warsaw"]
[Date "2021.12.29"]
[Round "2.29"]
[White "Kosteniuk, Alexandra"]
[Black "Doluhanova, Evgeniya"]
[Result "1-0"]
[ECO "C60"]
[WhiteElo "2518"]
[BlackElo "2237"]
[Annotator "ChessBase"]
[PlyCount "65"]
[EventDate "2021.12.29"]
[EventType "swiss"]
[EventCountry "POL"]
[Tiebreak "Cut1 Buchholz"]
[SourceTitle "playchess.com"]
[Source "ChessBase"]
[SourceQuality "1"]
[TimeControl "180+2"]

1. e4 e5 2. Nf3 Nc6 3. Bb5 Nf6 4. d4 Nxd4 5. Nxd4 exd4 6.
Qxd4 c6 7. Bc4 d5 8. exd5 Nxd5 9. O-O Be6 10. Re1 Be7 11. Qxg7 Bf6 12. Qg3 Qa5 13. Bd2 Qc5 14. Bxd5 Qxd5 15. Bc3 Qf5 16. Bxf6 Qxf6 17. Nc3 O-O-O 18. Ne4 Qd4 19. c3 Qd5 20. Qg5 Rhg8 21. Qxd5 Bxd5 22. Ng3 f5 23. f4 Be4 24. Nxe4 fxe4 25. Rad1 Rde8 26. g3 h5 27. Kf2 h4 28. Rd4 hxg3+ 29. hxg3 e3+ 30. Kf3 Rh8 31. Rxe3 Rxe3+ 32. Kxe3 Rh2 33. Rd2 1-0

[Event "FIDE Women World Blitz 2021"]
[Site "Warsaw"]
[Date "2021.12.29"]
[Round "2.30"]
[White "Paehtz, Elisabeth"]
[Black "Gil Quilez, Sonia"]
[Result "1-0"]
[ECO "D02"]
[WhiteElo "2485"]
[BlackElo "2122"]
[Annotator "ChessBase"]
[PlyCount "99"]
[EventDate "2021.12.29"]
[EventType "swiss"]
[EventCountry "POL"]
[Tiebreak "Cut1 Buchholz"]
[SourceTitle "playchess.com"]
[Source "ChessBase"]
[SourceQuality "1"]
[TimeControl "180+2"]

1. d4 d5 2. Bf4 Nf6 3. e3 e6 4. Nd2 c5 5. c3 Nc6 6. Ngf3 Be7 7. Bd3 Nh5 8. Be5 Nxe5 9. Nxe5 Nf6 10. O-O O-O 11. f4 Nd7 12. Qh5 f5 13.
Qh3 Rf6 14. Ndf3 Rh6 15. Qg3 Qf8 16. Nxd7 Bxd7 17. Ne5 Be8 18. Qf2 Qf6 19. h3 Qh4 20. Qxh4 Bxh4 21. Kh2 a6 22. dxc5 Be7 23. b4 g5 24. Nf3 g4 25. Nd4 Kh8 26. a4 Bh5 27. g3 gxh3 28.
Be2 Bxe2 29. Nxe2 Rg8 30. Nd4 Rhg6 31. Rg1 Bf6 32. Rad1 Bd8 33. Nf3 a5 34. Ne5 R6g7 35. b5 Rc7 36. c6 bxc6 37. Nxc6 Bf6 38. Rc1 h5 39. Kxh3 Kh7 40. c4 Rd7 41. c5 d4 42. Nxd4 Bxd4 43.
exd4 Rxd4 44. c6 Rxa4 45. b6 Ra3 46. b7 h4 47. c7 hxg3 48.
c8=Q g2+ 49. Kh2 Rg6 50. Rc7+ 1-0

[Event "FIDE Women World Blitz 2021"]
[Site "Warsaw"]
[Date "2021.12.29"]
[Round "2.31"]
[White "Dzagnidze, Nana"]
[Black "Ovod, Evgenija"]
[Result "1-0"]
[ECO "D54"]
[WhiteElo "2524"]
[BlackElo "2366"]
[Annotator "ChessBase"]
[PlyCount "83"]
[EventDate "2021.12.29"]
[EventType "swiss"]
[EventCountry "POL"]
[Tiebreak "Cut1 Buchholz"]
[SourceTitle "playchess.com"]
[Source "ChessBase"]
[SourceQuality "1"]
[TimeControl "180+2"]

1. d4 d5 2. c4 e6 3. Nc3 Nf6 4. Bg5 Be7 5. e3 h6 6. Bh4 O-O 7. Rc1 Ne4 8. Bxe7 Qxe7 9. Nxe4 dxe4 10. Ne2 c5 11. Nc3 cxd4 12. Qxd4 f5 13. Be2 Rd8 14. Qe5 Nc6 15. Qg3 b6 16. O-O Bb7 17. Rfd1 Rxd1+ 18. Rxd1 Rd8 19. h4 Rxd1+ 20. Bxd1 Qd7 21. Bb3 a5 22. Ba4 Qd8 23. Bxc6 Bxc6 24. Qe5 Kf7 25. g3 Qd7 26. Kg2 g5 27. h5 Qd8 28. Ne2 Be8 29. Nd4 Qd7 30. Qh8 Ke7 31. Qxh6 g4 32. Qg5+ Kd6 33. h6 Qh7 34. Qd8+ Bd7 35. Qxb6+ Ke7 36. c5 Qxh6 37. c6 Qh3+ 38. Kg1 Bxc6 39. Qxc6 f4 40. Qxe6+ Kf8 41. Qf5+ Kg8 42. Qxf4 1-0

[Event "FIDE Women World Blitz 2021"]
[Site "Warsaw"]
[Date "2021.12.29"]
[Round "2.32"]
[White "Heredia Serrano, Carla"]
[Black "Abdumalik, Zhansaya"]
[Result "0-1"]
[ECO "C51"]
[WhiteElo "2138"]
[BlackElo "2507"]
[Annotator "ChessBase"]
[PlyCount "74"]
[EventDate "2021.12.29"]
[EventType "swiss"]
[EventCountry "POL"]
[Tiebreak "Cut1 Buchholz"]
[SourceTitle "playchess.com"]
[Source "ChessBase"]
[SourceQuality "1"]
[TimeControl "180+2"]

1. e4 e5 2. Nf3 Nc6 3. Bc4 Bc5 4. b4 Bxb4 5. c3 Be7 6. d4 Na5 7. Be2 d6 8. Qa4+ c6 9. O-O Nf6 10. dxe5 dxe5 11. Nxe5 b5 12. Qc2 O-O 13. Bf4 Qb6 14. Nd2 Bb7 15. Rab1 a6 16. a4 Rad8 17. h3 Bd6 18. Be3 Qc7 19. Nef3 Nd7 20.
Nd4 Rfe8 21. Rfd1 Ba8 22. N2f3 Nb7 23. Nf5 Bf8 24. Qc1 Rxe4 25. Bd3 Rxa4 26. c4 Nbc5 27. Qb2 f6 28. Bc2 Rxc4 29. Bxc5 Nxc5 30. Rxd8 Qxd8 31. Rd1 Qe8 32. Bb1 Kh8 33. Re1
Qd8 34. N3d4 a5 35. Qe2 Nd7 36. Ne6 Qb8 37. Qd2 Ne5 0-1

[Event "FIDE Women World Blitz 2021"]
[Site "Warsaw"]
[Date "2021.12.29"]
[Round "2.33"]
[White "Movsesian, Julia"]
[Black "Yakimova, Mariya"]
[Result "1-0"]
[ECO "B23"]
[WhiteElo "2322"]
[BlackElo "2219"]
[Annotator "NA"]
[PlyCount "59"]
[EventDate "2021.12.29"]
[EventType "swiss"]
[EventCountry "POL"]
[Tiebreak "Cut1 Buchholz"]
[SourceTitle "playchess.com"]
[Source "ChessBase"]
[SourceQuality "1"]
[TimeControl "180+2"]

1. e4 c5 2. Nc3 Nc6 3. Bb5 Nd4 4. Bc4 a6 5. a4 d6 6. d3 Nf6 7. Nge2 e6 8. Nxd4 cxd4 9. Ne2 d5 10. exd5 exd5 11. Bb3 Bc5 12. O-O O-O 13. Bg5 h6 14. Bh4 Be6 15. Nf4 g5 16. Nxe6 fxe6 17. Bg3 Bd6 18. Qe2 Qd7 19. Be5 Bxe5 20. Qxe5 Rae8 21. Qxd4 e5 22. Qe3 Kg7 23. h3 Nh5 24. c3 Nf4 25. Rae1 h5 26. Bd1 Rh8 27. Qg3 Qd8 28. Re3 Qf6 29. Rfe1 Re7 30. h4 1-0

[Event "FIDE Women World Blitz 2021"]
[Site "Warsaw"]
[Date "2021.12.29"]
[Round "2.34"]
[White "Nur-Mukhametova, Alisa"]
[Black "Mammadova, Gulnar"]
[Result "1-0"]
[ECO "B06"]
[WhiteElo "2225"]
[BlackElo "2395"]
[Annotator "NA"]
[PlyCount "229"]
[EventDate "2021.12.29"]
[EventType "swiss"]
[EventCountry "POL"]
[Tiebreak "Cut1 Buchholz"]
[SourceTitle "playchess.com"]
[Source "ChessBase"]
[SourceQuality "1"]
[TimeControl "180+2"]

1. d4 g6 2. e4 Bg7 3. Nc3 d6 4. Nf3 a6 5. a4 e6 6. Be2 Nd7 7. O-O b6 8. Be3 Bb7 9. Qd2 Ne7 10. Bh6 O-O 11. Rfe1 e5 12. Bc4 exd4 13. Bxg7 Kxg7 14. Qxd4+ Kg8 15. Rad1 Nc6 16. Qd2 Nce5 17. Nxe5 Nxe5 18. Bd5 Bxd5 19. Nxd5 f6 20. f4 Nd7 21. Qc3 Rc8 22. Qc4 Kg7 23. Qxa6 Nc5 24. Qc4 Qd7 25. b3 Rce8 26. Nc3 Qg4 27. Rf1 Rf7 28. h3 Qd7 29. Ra1 Rfe7 30.
Rae1 c6 31. b4 Ne6 32. f5 Nc7 33. fxg6 hxg6 34. Qd4 Re5 35. Qxb6 c5 36. bxc5 Rxc5 37. Nb5 Nxb5 38. axb5 Rxb5 39. Qd4 Rbe5 40. Rd1 R8e6 41. Rfe1 Qc6 42. c3 Rc5 43. Rd3 Rc4 44. Qd5 Qxd5 45. Rxd5 Rxc3 46. Red1 Rxe4 47. Rxd6 Rc2 48. R6d2 Rc6 49. Rd7+ Kh6 50. R7d6 Rxd6 51. Rxd6 Kg5 52. Kf2 Ra4 53. Rd5+ f5 54. Rd6 Ra3 55. Rb6 Kh5 56. Rb5 Kh4 57. Rb4+ Kg5 58. Rb6 Ra4 59. Rc6 Ra2+ 60. Kg3 f4+ 61. Kf3 Ra3+ 62. Kf2 Ra5 63. Rb6 Kf5 64. Rb8 Ra2+ 65. Kf3 Ra3+ 66. Kf2 Kg5 67. Rb5+ Kh4 68. Rb4 g5 69. Rb8 Ra2+ 70. Kf3 Ra3+ 71. Kf2 Kh5 72. Rh8+ Kg6 73. Rg8+ Kf6 74. Rf8+ Kg7 75. Rb8 Kf6 76. Rf8+ Ke6 77. Rg8 Ra5 78. Kf3 Ra3+ 79. Kf2 Ra5 80. Kf3 Kf7 81. Rb8 Ra3+ 82. Kf2 Kf6 83. Rb6+ Kg7 84. Rb7+ Kg6 85. Rb6+ Kh5 86. Rb8 Ra5 87. Rh8+ Kg6 88. Rg8+ Kf6 89. Kf3 Ra3+ 90. Kf2 Rc3 91. Rf8+ Kg7 92. Ra8 Rc6 93. Rb8 Kf6 94. Rf8+ Ke5 95. Re8+ Kf5 96. Rf8+ Ke4 97. Re8+ Kd4 98. Rd8+ Ke5 99. Re8+ Kf6 100. Rf8+ Ke7 101. Rf5 Rg6 102. Kf3 Ke6 103. Kg4 Rg8 104. Rxg5 Rf8 105. h4 f3 106. gxf3 Ra8 107. f4 Kf6 108. Rf5+ Kg6 109. h5+ Kh6 110. Rf6+ Kg7 111. Rg6+ Kf7 112. Kg5 Ra1 113. Rb6 Rg1+ 114. Kf5 Kg7 115.
Rg6+ 1-0

[Event "FIDE Women World Blitz 2021"]
[Site "Warsaw"]
[Date "2021.12.29"]
[Round "2.35"]
[White "Kiolbasa, Oliwia"]
[Black "Maltsevskaya, Aleksandra"]
[Result "0-1"]
[ECO "B45"]
[WhiteElo "2403"]
[BlackElo "2411"]
[Annotator "NA"]
[PlyCount "88"]
[EventDate "2021.12.29"]
[EventType "swiss"]
[EventCountry "POL"]
[Tiebreak "Cut1 Buchholz"]
[SourceTitle "playchess.com"]
[Source "ChessBase"]
[SourceQuality "1"]
[TimeControl "180+2"]

1. e4 c5 2. Nf3 e6 3. d4 cxd4 4. Nxd4 Nf6 5. Nc3 Nc6 6. Ndb5 Bc5 7. Bf4 O-O 8. Bd6 Bxd6 9. Qxd6 a6 10. Nc7 Ne8 11. Nxe8 Rxe8 12. O-O-O b5 13. h4 Qa5 14. Kb1 Bb7 15. Qxd7 b4 16. Qxb7 bxc3 17. Qxc6 Rec8 18. Qd6 Rd8 19. Qxd8+ Rxd8 20. Rxd8+ Qxd8 21.
bxc3 Qd1+ 22. Kb2 Kf8 23. g3 Ke7 24. Bg2 Qe2 25. Rf1 Qb5+ 26.
Kc1 a5 27. f4 a4 28. a3 Qe2 29. Bh3 Qe3+ 30. Kb2 Qxg3 31. Rh1 Qxf4 32. Bf1 Qxe4 33. Rh3 Qf5 34. Rh1 Qd5 35. Rg1 Qb7+ 36. Ka1 Qc7 37. Rg2 Qxc3+ 38. Ka2 g6 39. Bd3 f5 40. Re2 e5 41. h5 Kf6 42. hxg6 hxg6 43. Rf2 e4 44. Bb5 Qc5 0-1

[Event "FIDE Women World Blitz 2021"]
[Site "Warsaw"]
[Date "2021.12.29"]
[Round "2.36"]
[White "Cyfka, Karina"]
[Black "Kolaric, Spela"]
[Result "1-0"]
[ECO "D37"]
[WhiteElo "2416"]
[BlackElo "2178"]
[Annotator "NA"]
[PlyCount "77"]
[EventDate "2021.12.29"]
[EventType "swiss"]
[EventCountry "POL"]
[Tiebreak "Cut1 Buchholz"]
[SourceTitle "playchess.com"]
[Source "ChessBase"]
[SourceQuality "1"]
[TimeControl "180+2"]

1. d4 Nf6 2. c4 e6 3. Nc3 d5 4. Nf3 Be7 5. Bf4 O-O 6. Rc1 c5 7. dxc5 dxc4 8.
Qxd8 Rxd8 9. e3 Bxc5 10. Bxc4 Nc6 11. O-O h6 12. h3 a6 13. a3 Kf8 14. Ba2 Ba7 15. Rfd1 Bd7 16. Bd6+ Ke8 17. e4 Bc8 18. e5 Nd7 19. Ne4 Bb6 20. b4 Na7 21. a4 a5 22. b5 f5 23.
Ned2 Nf8 24. Nc4 Rxd6 25. Nxd6+ Ke7 26. Nd4 Rb8 27. Kf1 Bd7 28. Nc4 Bxd4 29. Rxd4 Nc8 30. Nd6 Nb6 31. Rc7 Kd8 32. Rxb7 Rxb7 33. Nxb7+ Ke7 34. Nxa5 Bc8 35. Nc6+ Kf7 36. a5 Nbd7 37. a6 g5 38. a7 Bb7 39. Nd8+ 1-0

[Event "FIDE Women World Blitz 2021"]
[Site "Warsaw"]
[Date "2021.12.29"]
[Round "2.37"]
[White "Batsiashvili, Nino"]
[Black "Loskutova, Viktoriya"]
[Result "1/2-1/2"]
[ECO "E14"]
[WhiteElo "2491"]
[BlackElo "2195"]
[Annotator "ChessBase"]
[PlyCount "108"]
[EventDate "2021.12.29"]
[EventType "swiss"]
[EventCountry "POL"]
[Tiebreak "Cut1 Buchholz"]
[SourceTitle "playchess.com"]
[Source "ChessBase"]
[SourceQuality "1"]
[TimeControl "180+2"]

1. d4 Nf6 2. c4 e6 3. Nf3 b6 4. Nc3 Bb7 5. e3 d5 6. Bd3 Bd6 7. O-O O-O 8. cxd5 exd5 9. Ne5 c5 10.
Bd2 Nc6 11. Nxc6 Bxc6 12. h3 Qe7 13. Rc1 Rac8 14. Ba6 Rcd8 15. Be2 Ne4 16. Nxe4 dxe4 17. Bc3 Bd5 18. Qa4 f6 19. dxc5 Bxc5 20.
Rfd1 Bf7 21. Rxd8 Rxd8 22. Rd1 Rxd1+ 23. Qxd1 Qd6 24. Qa4 Qe7 25. Qc6 Bxa2 26. Qa8+ Kf7 27. Bh5+ g6 28. Be2 Kg7 29. g4 h6 30. Qc6 Bf7 31. Ba6 Bd6 32.
Bb7 Bc7 33. h4 Qd6 34. Qxd6 Bxd6 35. g5 hxg5 36. hxg5 Be7 37. Bxe4 Bc4 38. Kg2 Kf7 39. gxf6 Bxf6 40. Bxf6 Kxf6 41. f4 a5 42. Bc6 g5 43. Kg3 gxf4+ 44. Kxf4 Ke6 45. e4 b5 46. e5 b4 47. Ke4 Bb3 48. Kd4 a4 49. Bxa4 Bxa4 50. Kc4 Kxe5 51. Kxb4 Bd7 52. Ka5 Kd5 53.
b4 Kc4 54. b5 Bxb5 1/2-1/2

[Event "FIDE Women World Blitz 2021"]
[Site "Warsaw"]
[Date "2021.12.29"]
[Round "2.38"]
[White "Majdan, Joanna"]
[Black "Beydullayeva, Govhar"]
[Result "1-0"]
[ECO "B53"]
[WhiteElo "2325"]
[BlackElo "2278"]
[Annotator "NA"]
[PlyCount "151"]
[EventDate "2021.12.29"]
[EventType "swiss"]
[EventCountry "POL"]
[Tiebreak "Cut1 Buchholz"]
[SourceTitle "playchess.com"]
[Source "ChessBase"]
[SourceQuality "1"]
[TimeControl "180+2"]

1. e4 c5 2. Nc3 d6 3. Nf3 Nf6 4. d4 cxd4 5. Qxd4 Nc6 6. Bb5 Bd7 7. Bxc6 Bxc6 8. Bg5 e6 9. O-O-O Be7 10. Kb1 O-O 11. Rhe1 Qa5 12. Qd2 Rfd8 13. Nd4 h6 14. Bh4 Rac8 15. f3 Kf8 16. Bf2 b5 17. Nxc6 Rxc6 18.
Ne2 b4 19. Nd4 Ra6 20. a3 Rb8 21. Re3 bxa3 22. Qxa5 Rxb2+ 23. Kc1 Rxa5 24. Rxa3 Rxa3 25. Kxb2 d5 26. Nc6 Ra6 27. Nxe7 Kxe7 28. Bc5+ Kd8 29. Bf8 g6 30. Bxh6 Rb6+ 31. Kc3 Kc8 32. Bg5 Rc6+ 33. Kb2 Rb6+ 34. Kc1 Nd7 35. exd5 exd5 36. Rxd5 Re6 37. Kd2 Nb6 38. Rc5+ Kd7 39. Be3 Rd6+ 40. Kc1 Nd5 41. Bd2 Ke6 42. Ra5 a6 43. c4 Nc7 44. Kc2 Rc6 45. Kb3 Ne8 46. Bc3 Nd6 47.
Re5+ Kd7 48. Rd5 Ke6 49. Re5+ Kd7 50. c5 Nb5 51. Bb4 Rc8 52.
Kc4 Kc6 53. Re7 f5 54. Rg7 Rd8 55. Rxg6+ Kb7 56. Rb6+ Ka7 57. Rxb5 axb5+ 58. Kxb5 Rg8 59. g3 Rb8+ 60. Kc4 Rh8 61. c6 Kb6 62. Kd5 Rxh2 63. Bc5+ Kc7 64. Bd6+ Kc8 65. Ke6 Rf2 66. f4 Rf3 67. Kxf5 Rxg3 68. Ke5 Rc3 69. Kd5 Rd3+ 70. Ke6 Re3+ 71. Be5 Rh3 72. f5 Rh6+ 73. f6 Rh8 74. f7 Rf8 75. Ke7 Rd8 76. f8=Q 1-0